Workbook

Sheet STANDARD CHARGES
B1: LOCATION | C1: SERVICE | D1: REIMBURSEMENT TYPE | E1: GROSS CHARGE | F1: DE-IDENTIFIED MINIMUM NEGOTIATED CHARGE | G1: DE-IDENTIFIED MAXIMUM NEGOTIATED CHARGE | H1: DISCOUNTED CASH PRICE | I1: PAYER-SPECIFIC DETAILS | J1: ADVANCED HEALTH SYSTEMS | K1: AETNA (COMMERCIAL) | L1: AETNA (MEDICARE ADVANTAGE) | M1: AETNA BETTER HEALTH (MEDICAID) | N1: AMERICAN HEALTH ADVANTAGE (MEDICARE ADVANTAGE) | O1: AMERIGROUP LA HEALTHY BLUE (MEDICAID) | P1: AMERIGROUP TX (MEDICARE ADVANTAGE) | Q1: AMERIGROUP TX HEALTHY BLUE (MEDICAID) | R1: AMERIHEALTH CARITAS (MEDICAID) | S1: BCBS LOUISIANA (COMMERCIAL) | T1: BCBS MISSISSIPPI (COMMERCIAL) | U1: BCBS TEXAS (COMMERCIAL) | V1: BCBS TX BLUE ESSENTIALS/BLUE PREMIER/BLUE HIGH PERFORMANCE HMO (COMMERCIAL) | W1: BEACON HEALTH OPTIONS (COMMERCIAL) | X1: BEACON HEALTH STRATEGIES (COMMERCIAL) | Y1: BEACON HEALTH STRATEGIES (MEDICAID) | Z1: BETTY HARDWICK MHMR (MEDICAID) | AA1: BRAZOS VALLEY MHMR (MEDICAID) | AB1: CENTER FOR LIFE SERVICES MHMR (MEDICAID) | AC1: CENTRAL COUNTIES MHMR (MEDICAID) | AD1: CENTRAL PLAINS MHMR (MEDICAID) | AE1: CHRISTUS HEALTH (COMMERCIAL) | AF1: CHRISTUS HEALTH (MEDICARE ADVANTAGE) | AG1: CHRISTUS SPOHN HEALTH SYSTEM CORP - INDIGENT (COMMERCIAL) | AH1: CHRISTUS SPOHN HEALTH SYSTEM CORP - NUECES AID PROGRAM (COMMERCIAL) | AI1: CIGNA (COMMERCIAL) | AJ1: CIGNA HEALTHSPRING (MEDICARE ADVANTAGE) | AK1: COASTAL PLAINS COMMUNITY CENTER (MHMR) (MEDICAID) | AL1: COMMUNITY CARE (MEDICARE ADVANTAGE) | AM1: COMMUNITY HEALTH CHOICE - LOI ONLY (MEDICAID) | AN1: COMMUNITY HEALTH CHOICE (COMMERCIAL) | AO1: COMMUNITY HEALTH CHOICE (MEDICAID) | AP1: COMMUNITY HEALTH CHOICE (MEDICARE ADVANTAGE) | AQ1: COVENANT MEDICAL CENTER (INDIGENT AGREEMENT) (COMMERCIAL) | AR1: DIGNITY CARE (MEDICARE ADVANTAGE) | AS1: DRISCOLL HEALTH PLAN (MEDICAID) | AT1: FIRST CARE (COMMERCIAL) | AU1: FIRST CARE (MEDICAID) | AV1: FIRST CHOICE HEALTH (COMMERCIAL) | AW1: FRIDAY HEALTH PLANS (COMMERCIAL) | AX1: FRIDAY HEALTH PLANS (MEDICARE ADVANTAGE) | AY1: GALAXY HEALTH NETWORK (COMMERCIAL) | AZ1: GILSBAR 360 ALLIANCE (COMMERCIAL | BA1: HARRISON COUNTY (COMMERCIAL) | BB1: HAWAIIAN MAINLAND (MEDICARE ADVANTAGE) | BC1: HEALTHCARE HIGHWAYS (COMMERCIAL) | BD1: HEALTHY BLUE (MEDICAID) | BE1: HEART OF TX MHMR (MEDICAID) | BF1: HUMANA (COMMERCIAL) | BG1: HUMANA (MEDICARE ADVANTAGE) | BH1: ICE (IMMIGRATION AND CUSTOMS ENFORCEMENT) (COMMERCIAL) | BI1: LETOURNEAU UNIVERSITY | BJ1: LOUISIANA HEALTHCARE CONNECTIONS (MEDICAID) | BK1: MAGELLAN (COMMERCIAL | BL1: MAGNOLIA HEALTH (COMMERCIAL) | BM1: MAGNOLIA HEALTH (MEDICAID) | BN1: MAGNOLIA HEALTH (MEDICARE ADVANTAGE) | BO1: MEDICARE PART A | BP1: MEDICARE PART B | BQ1: MH NET (COMMERCIAL) | BR1: MH NET (MEDICARE ADVANTAGE) | BS1: MIDLAND MEMORIAL (MEDICAID) | BT1: MOLINA HEALTHCARE (COMMERCIAL) | BU1: MOLINA HEALTHCARE (MEDICAID) | BV1: MOLINA HEALTHCARE (MEDICARE ADVANTAGE) | BW1: MULTIPLAN (COMMERCIAL) | BX1: NORTH TEXAS INDIGENT SERVICES (MEDICAID) | BY1: NUECES COUNTY MHMR (MEDICAID) | BZ1: OCCUNET (COMMERCIAL) | CA1: OCHSNER HEALTH PLAN (MEDICARE ADVANTAGE) | CB1: OPTUM (COMMERCIAL) | CC1: OPTUM (MEDICAID) | CD1: OPTUM (MEDICARE ADVANTAGE) | CE1: OPTUM VA CCN (MEDICARE ADVANTAGE) | CF1: PACE (FMOL) (MEDICARE ADVANTAGE) | CG1: PERMIACARE MHMR (MEDICAID) | CH1: PRESBYTERIAN NETWORK NM (MEDICAID) | CI1: PROVIDER NETWORK OF AMERICA (MEDICARE ADVANTAGE) | CJ1: PROVIDER PARTNERS HEALTH PLAN (PPHP) (MEDICARE ADVANTAGE) | CK1: RIGHTCARE (COMMERCIAL) | CL1: RIGHTCARE (MEDICAID) | CM1: SCOTT AND WHITE (MEDICARE ADVANTAGE) | CN1: STARCARE MHMR (MEDICAID) | CO1: SUPERIOR (COMMERCIAL) | CP1: SUPERIOR (MEDICAID) | CQ1: SUPERIOR (MEDICARE ADVANTAGE) | CR1: TEXAS INDEPENDENT HEALTH PLAN (MEDICARE ADVANTAGE) | CS1: TEXAS PANHANDLE CENTERS MHMR (MEDICAID) | CT1: TRICARE HUMANA (COMMERCIAL) | CU1: TRICARE WEST (COMMERCIAL) | CV1: TRIWEST HEALTHCARE ALLIANCE (VACCN) (MEDICARE ADVANTAGE) | CW1: UNITED HEALTHCARE (MEDICAID) | CX1: VANTAGE HEALTH PLAN (COMMERCIAL) | CY1: VANTAGE HEALTH PLAN (MEDICARE ADVANTAGE) | CZ1: VERITY (COMMERCIAL) | DA1: VETERANS CARE AGREEMENT (COMMERCIAL) | DB1: WELLCARE (MEDICARE ADVANTAGE) | DC1: WEST TEXAS CENTERS MHMR (MEDICAID) | DD1: ZELLIS (COMMERCIAL)
B2: Oceans Behavioral Hospital of Amarillo | C2: INPATIENT PSYCHIATRIAC HOSPITALIZATION | D2: ALL SERVICES ARE BUNDLED INTO A PER DIEM RATE | E2: 1300 | F2: =IFERROR(_xlfn.MINIFS('INPATIENT RATE TABLE'!$I:$I,'INPATIENT RATE TABLE'!$C:$C,'STANDARD CHARGES'!$B$11),"") -> 650 | G2: =IFERROR(_xlfn.MAXIFS('INPATIENT RATE TABLE'!$I$3:$I$503,'INPATIENT RATE TABLE'!$C$3:$C$503,B11),"") -> 1095 | H2: =IFERROR(_xlfn.XLOOKUP('STANDARD CHARGES'!B11,'PRIVATE PAY TABLE'!C:C,'PRIVATE PAY TABLE'!D:D),0) -> 800 | I2: REIMBURSEMENT DETAIL | J2: =IFERROR(_xlfn.XLOOKUP(J$10,'INPATIENT RATE TABLE'!$E:$E,'INPATIENT RATE TABLE'!$I:$I),"NOT CONTRACTED") -> NOT CONTRACTED | K2: =IFERROR(_xlfn.XLOOKUP(K$10,'INPATIENT RATE TABLE'!$E:$E,'INPATIENT RATE TABLE'!$G:$G),"NOT CONTRACTED") -> CONTRACT RATE | L2: =IFERROR(_xlfn.XLOOKUP(L$10,'INPATIENT RATE TABLE'!$E:$E,'INPATIENT RATE TABLE'!$G:$G),"NOT CONTRACTED") -> CONTRACT RATE | M2: =IFERROR(_xlfn.XLOOKUP(M$10,'INPATIENT RATE TABLE'!$E:$E,'INPATIENT RATE TABLE'!$G:$G),"NOT CONTRACTED") -> NOT CONTRACTED | N2: =IFERROR(_xlfn.XLOOKUP(N$10,'INPATIENT RATE TABLE'!$E:$E,'INPATIENT RATE TABLE'!$G:$G),"NOT CONTRACTED") -> NOT CONTRACTED | O2: =IFERROR(_xlfn.XLOOKUP(O$10,'INPATIENT RATE TABLE'!$E:$E,'INPATIENT RATE TABLE'!$G:$G),"NOT CONTRACTED") -> NOT CONTRACTED | P2: =IFERROR(_xlfn.XLOOKUP(P$10,'INPATIENT RATE TABLE'!$E:$E,'INPATIENT RATE TABLE'!$G:$G),"NOT CONTRACTED") -> NOT CONTRACTED | Q2: =IFERROR(_xlfn.XLOOKUP(Q$10,'INPATIENT RATE TABLE'!$E:$E,'INPATIENT RATE TABLE'!$G:$G),"NOT CONTRACTED") -> NOT CONTRACTED | R2: =IFERROR(_xlfn.XLOOKUP(R$10,'INPATIENT RATE TABLE'!$E:$E,'INPATIENT RATE TABLE'!$G:$G),"NOT CONTRACTED") -> NOT CONTRACTED | ... DD2: =IFERROR(_xlfn.XLOOKUP(DD$10,'INPATIENT RATE TABLE'!$E:$E,'INPATIENT RATE TABLE'!$G:$G),"NOT CONTRACTED") -> NOT CONTRACTED
I3: PAYER-SPECIFIC NEGOTIATED CHARGE | J3: =IFERROR(_xlfn.XLOOKUP(J$10,'INPATIENT RATE TABLE'!$E:$E,'INPATIENT RATE TABLE'!$I:$I),"NOT CONTRACTED") -> NOT CONTRACTED | K3: =IFERROR(_xlfn.XLOOKUP(K$10,'INPATIENT RATE TABLE'!$E:$E,'INPATIENT RATE TABLE'!$I:$I),"NOT CONTRACTED") -> 1025 | L3: =IFERROR(_xlfn.XLOOKUP(L$10,'INPATIENT RATE TABLE'!$E:$E,'INPATIENT RATE TABLE'!$I:$I),"NOT CONTRACTED") -> 1040 | M3: =IFERROR(_xlfn.XLOOKUP(M$10,'INPATIENT RATE TABLE'!$E:$E,'INPATIENT RATE TABLE'!$I:$I),"NOT CONTRACTED") -> NOT CONTRACTED | N3: =IFERROR(_xlfn.XLOOKUP(N$10,'INPATIENT RATE TABLE'!$E:$E,'INPATIENT RATE TABLE'!$I:$I),"NOT CONTRACTED") -> NOT CONTRACTED | O3: =IFERROR(_xlfn.XLOOKUP(O$10,'INPATIENT RATE TABLE'!$E:$E,'INPATIENT RATE TABLE'!$I:$I),"NOT CONTRACTED") -> NOT CONTRACTED | P3: =IFERROR(_xlfn.XLOOKUP(P$10,'INPATIENT RATE TABLE'!$E:$E,'INPATIENT RATE TABLE'!$I:$I),"NOT CONTRACTED") -> NOT CONTRACTED | Q3: =IFERROR(_xlfn.XLOOKUP(Q$10,'INPATIENT RATE TABLE'!$E:$E,'INPATIENT RATE TABLE'!$I:$I),"NOT CONTRACTED") -> NOT CONTRACTED | ... DD3: =IFERROR(_xlfn.XLOOKUP(DD$10,'INPATIENT RATE TABLE'!$E:$E,'INPATIENT RATE TABLE'!$I:$I),"NOT CONTRACTED") -> NOT CONTRACTED
C5: INTENSIVE OUTPATIENT SERVICES (IOP) | D5: ALL SERVICES ARE BUNDLED INTO A PER DIEM RATE | E5: 450 | F5: =IFERROR(_xlfn.MINIFS('OUTPATIENT RATE TABLE'!$I:$I,'OUTPATIENT RATE TABLE'!$I:$I,"<>0",'OUTPATIENT RATE TABLE'!$C:$C,'STANDARD CHARGES'!$B$11),"") -> 125 | G5: =_xlfn.MAXIFS('OUTPATIENT RATE TABLE'!$I:$I,'OUTPATIENT RATE TABLE'!$C:$C,'STANDARD CHARGES'!$B$11) -> 515 | H5: =_xlfn.XLOOKUP('STANDARD CHARGES'!$B$11,'PRIVATE PAY TABLE'!C:C,'PRIVATE PAY TABLE'!E:E) -> 210 | I5: REIMBURSEMENT DETAIL | J5: =IFERROR(_xlfn.XLOOKUP(J$10,'OUTPATIENT RATE TABLE'!$E:$E,'OUTPATIENT RATE TABLE'!$G:$G),"NOT CONTRACTED") -> NOT CONTRACTED | K5: =IFERROR(_xlfn.XLOOKUP(K$10,'OUTPATIENT RATE TABLE'!$E:$E,'OUTPATIENT RATE TABLE'!$G:$G),"NOT CONTRACTED") -> NOT CONTRACTED | L5: =IFERROR(_xlfn.XLOOKUP(L$10,'OUTPATIENT RATE TABLE'!$E:$E,'OUTPATIENT RATE TABLE'!$G:$G),"NOT CONTRACTED") -> NOT CONTRACTED | M5: =IFERROR(_xlfn.XLOOKUP(M$10,'OUTPATIENT RATE TABLE'!$E:$E,'OUTPATIENT RATE TABLE'!$G:$G),"NOT CONTRACTED") -> NOT CONTRACTED | N5: =IFERROR(_xlfn.XLOOKUP(N$10,'OUTPATIENT RATE TABLE'!$E:$E,'OUTPATIENT RATE TABLE'!$G:$G),"NOT CONTRACTED") -> NOT CONTRACTED | O5: =IFERROR(_xlfn.XLOOKUP(O$10,'OUTPATIENT RATE TABLE'!$E:$E,'OUTPATIENT RATE TABLE'!$G:$G),"NOT CONTRACTED") -> NOT CONTRACTED | P5: =IFERROR(_xlfn.XLOOKUP(P$10,'OUTPATIENT RATE TABLE'!$E:$E,'OUTPATIENT RATE TABLE'!$G:$G),"NOT CONTRACTED") -> NOT CONTRACTED | Q5: =IFERROR(_xlfn.XLOOKUP(Q$10,'OUTPATIENT RATE TABLE'!$E:$E,'OUTPATIENT RATE TABLE'!$G:$G),"NOT CONTRACTED") -> NOT CONTRACTED | ... DD5: =IFERROR(_xlfn.XLOOKUP(DD$10,'OUTPATIENT RATE TABLE'!$E:$E,'OUTPATIENT RATE TABLE'!$G:$G),"NOT CONTRACTED") -> NOT CONTRACTED
I6: PAYER-SPECIFIC NEGOTIATED CHARGE | J6: =IF(IFERROR(_xlfn.XLOOKUP(J$10,'OUTPATIENT RATE TABLE'!$E:$E,'OUTPATIENT RATE TABLE'!$I:$I),"NOT CONTRACTED")=0,"NOT CONTRACTED",IFERROR(_xlfn.XLOOKUP(J$10,'OUTPATIENT RATE TABLE'!$E:$E,'OUTPATIENT RATE TABLE'!$I:$I),"NOT CONTRACTED")) -> NOT CONTRACTED | K6: =IF(IFERROR(_xlfn.XLOOKUP(K$10,'OUTPATIENT RATE TABLE'!$E:$E,'OUTPATIENT RATE TABLE'!$I:$I),"NOT CONTRACTED")=0,"NOT CONTRACTED",IFERROR(_xlfn.XLOOKUP(K$10,'OUTPATIENT RATE TABLE'!$E:$E,'OUTPATIENT RATE TABLE'!$I:$I),"NOT CONTRACTED")) -> NOT CONTRACTED | L6: =IF(IFERROR(_xlfn.XLOOKUP(L$10,'OUTPATIENT RATE TABLE'!$E:$E,'OUTPATIENT RATE TABLE'!$I:$I),"NOT CONTRACTED")=0,"NOT CONTRACTED",IFERROR(_xlfn.XLOOKUP(L$10,'OUTPATIENT RATE TABLE'!$E:$E,'OUTPATIENT RATE TABLE'!$I:$I),"NOT CONTRACTED")) -> NOT CONTRACTED | M6: =IF(IFERROR(_xlfn.XLOOKUP(M$10,'OUTPATIENT RATE TABLE'!$E:$E,'OUTPATIENT RATE TABLE'!$I:$I),"NOT CONTRACTED")=0,"NOT CONTRACTED",IFERROR(_xlfn.XLOOKUP(M$10,'OUTPATIENT RATE TABLE'!$E:$E,'OUTPATIENT RATE TABLE'!$I:$I),"NOT CONTRACTED")) -> NOT CONTRACTED | N6: =IF(IFERROR(_xlfn.XLOOKUP(N$10,'OUTPATIENT RATE TABLE'!$E:$E,'OUTPATIENT RATE TABLE'!$I:$I),"NOT CONTRACTED")=0,"NOT CONTRACTED",IFERROR(_xlfn.XLOOKUP(N$10,'OUTPATIENT RATE TABLE'!$E:$E,'OUTPATIENT RATE TABLE'!$I:$I),"NOT CONTRACTED")) -> NOT CONTRACTED | O6: =IF(IFERROR(_xlfn.XLOOKUP(O$10,'OUTPATIENT RATE TABLE'!$E:$E,'OUTPATIENT RATE TABLE'!$I:$I),"NOT CONTRACTED")=0,"NOT CONTRACTED",IFERROR(_xlfn.XLOOKUP(O$10,'OUTPATIENT RATE TABLE'!$E:$E,'OUTPATIENT RATE TABLE'!$I:$I),"NOT CONTRACTED")) -> NOT CONTRACTED | P6: =IF(IFERROR(_xlfn.XLOOKUP(P$10,'OUTPATIENT RATE TABLE'!$E:$E,'OUTPATIENT RATE TABLE'!$I:$I),"NOT CONTRACTED")=0,"NOT CONTRACTED",IFERROR(_xlfn.XLOOKUP(P$10,'OUTPATIENT RATE TABLE'!$E:$E,'OUTPATIENT RATE TABLE'!$I:$I),"NOT CONTRACTED")) -> NOT CONTRACTED | Q6: =IF(IFERROR(_xlfn.XLOOKUP(Q$10,'OUTPATIENT RATE TABLE'!$E:$E,'OUTPATIENT RATE TABLE'!$I:$I),"NOT CONTRACTED")=0,"NOT CONTRACTED",IFERROR(_xlfn.XLOOKUP(Q$10,'OUTPATIENT RATE TABLE'!$E:$E,'OUTPATIENT RATE TABLE'!$I:$I),"NOT CONTRACTED")) -> NOT CONTRACTED | ... DD6: =IF(IFERROR(_xlfn.XLOOKUP(DD$10,'OUTPATIENT RATE TABLE'!$E:$E,'OUTPATIENT RATE TABLE'!$I:$I),"NOT CONTRACTED")=0,"NOT CONTRACTED",IFERROR(_xlfn.XLOOKUP(DD$10,'OUTPATIENT RATE TABLE'!$E:$E,'OUTPATIENT RATE TABLE'!$I:$I),"NOT CONTRACTED")) -> NOT CONTRACTED
B10: =_xlfn.XLOOKUP(B2,'LOCATION LOOKUP TABLE'!B:B,'LOCATION LOOKUP TABLE'!C:C) -> 550 | J10: =CONCATENATE($B$11,J1) -> AMARILLOADVANCED HEALTH SYSTEMS | K10: =CONCATENATE($B$11,K1) -> AMARILLOAETNA (COMMERCIAL) | L10: =CONCATENATE($B$11,L1) -> AMARILLOAETNA (MEDICARE ADVANTAGE) | M10: =CONCATENATE($B$11,M1) -> AMARILLOAETNA BETTER HEALTH (MEDICAID) | N10: =CONCATENATE($B$11,N1) -> AMARILLOAMERICAN HEALTH ADVANTAGE (MEDICARE ADVANTAGE) | O10: =CONCATENATE($B$11,O1) -> AMARILLOAMERIGROUP LA HEALTHY BLUE (MEDICAID) | P10: =CONCATENATE($B$11,P1) -> AMARILLOAMERIGROUP TX (MEDICARE ADVANTAGE) | Q10: =CONCATENATE($B$11,Q1) -> AMARILLOAMERIGROUP TX HEALTHY BLUE (MEDICAID) | ... DD10: =CONCATENATE($B$11,DD1) -> AMARILLOZELLIS (COMMERCIAL)
B11: =_xlfn.XLOOKUP(B2,'LOCATION LOOKUP TABLE'!B:B,'LOCATION LOOKUP TABLE'!D:D) -> AMARILLO

Sheet SHOPPABLE SERVICES
D3: Oceans Behavioral Hospital of Jackson | H3: SELECT OCEANS HOSPITAL USING DROPDOWN
E5: =IFERROR(VLOOKUP($D3,'LOCATION LOOKUP TABLE'!$B$3:$D$31,2,FALSE),"") -> 460 | F5: =IFERROR(VLOOKUP($D3,'LOCATION LOOKUP TABLE'!$B$3:$D$31,3,FALSE),"") -> JACKSON
D6: =IF(OR(D3="",E8=""),"ERROR",CONCATENATE(F5,E8)) -> JACKSONOptum (Medicare Advantage)
D8: INSURANCE PLAN | E8: Optum (Medicare Advantage) | H8: SELECT YOUR INSURANCE PLAN USING DROPDOWN
D10: *** THESE ARE THE ONLY SERVICES OFFERED BY OCEANS HEALTHCARE ***
B12: OCEANS HOSPITAL | C12: INSURANCE PLAN | D12: SHOPPABLE SERVICE | E12: PRIMARY SERVICE & ANCILLARY SERVICES | F12: CPT/HCPCS CODE | G12: COVERAGE | H12: REIMBURSEMENT DETAIL | I12: REIMBURSEMENT TYPE | J12: PAYOR-SPECIFIC NEGOTIATED CHARGE | L12: DISCOUNTED CASH PRICE (NO INSURANCE) | M12: DE-IDENTIFIED MINIMUM RATE (ALL CONTRACTS) | N12: DE-IDENTIFIED MAXIMUM RATE (ALL CONTRACTS)
B13: OCEANS BEHAVIORAL HOSPITAL OF LAFAYETTE | C13: OPTUM | D13: INPATIENT PSYCHIATRIAC HOSPITALIZATION | E13: ROOM & BOARD | G13: Not billed separately - all services covered by per diem contract rate | H13: =IFERROR(IF($D6="ERROR","SELECT INS PLAN",VLOOKUP($D6,'INPATIENT RATE TABLE'!$E$2:$I$503,3,FALSE)),"NOT CONTRACTED") -> 100% MEDICARE | I13: =IFERROR(IF($D6="ERROR","SELECT INS PLAN",VLOOKUP($D6,'INPATIENT RATE TABLE'!$E$2:$I$503,4,FALSE)),"NOT CONTRACTED") -> PER DAY | J13: =IFERROR(IF($D6="ERROR","SELECT INS PLAN",VLOOKUP($D6,'INPATIENT RATE TABLE'!$E$2:$I$503,5,FALSE)),"NOT CONTRACTED") -> 923.94753 | L13: =IFERROR(_xlfn.XLOOKUP($E$5,'PRIVATE PAY TABLE'!B:B,'PRIVATE PAY TABLE'!D:D),0) -> 800 | M13: =IFERROR(_xlfn.MINIFS('INPATIENT RATE TABLE'!$I$3:$I$503,'INPATIENT RATE TABLE'!$C$3:$C$503,'SHOPPABLE SERVICES'!$F$5),"") -> 737.63 | N13: =IFERROR(_xlfn.MAXIFS('INPATIENT RATE TABLE'!$I$3:$I$503,'INPATIENT RATE TABLE'!$C$3:$C$503,'SHOPPABLE SERVICES'!$F$5),"") -> 1095
E14: PHARMACY SERVICES
E15: LABORATORY SERVICES
E16: RADIOLOGY SERVICES
E17: THERAPY SERVICES
E18: NURSING SERVICES
E19: PHYSICIAN SERVICES | G19: Not provided by hospital (may be billed separately) | L19: Not provided by hospital (may be billed separately)
B23: OCEANS HOSPITAL | C23: INSURANCE PLAN | D23: SHOPPABLE SERVICE | E23: PRIMARY SERVICE & ANCILLARY SERVICES | F23: CPT/HCPCS CODE | G23: COVERAGE | H23: REIMBURSEMENT DETAIL | I23: REIMBURSEMENT TYPE | J23: PAYOR-SPECIFIC NEGOTIATED CHARGE | L23: DISCOUNTED CASH PRICE (NO INSURANCE) | M23: DE-IDENTIFIED MINIMUM RATE (ALL CONTRACTS) | N23: DE-IDENTIFIED MAXIMUM RATE (ALL CONTRACTS)
B24: OCEANS BEHAVIORAL HOSPITAL OF LAFAYETTE | C24: AETNA | D24: INTENSIVE OUTPATIENT SERVICES (IOP) | E24: GROUP PSYCHOTHERAPY | F24: 90853 | G24: Not billed separately - all services covered by per diem contract rate | H24: =IFERROR(IF($D6="ERROR","SELECT INS PLAN",VLOOKUP($D6,'OUTPATIENT RATE TABLE'!$E$3:$I$471,3,FALSE)),"NOT CONTRACTED") -> NOT CONTRACTED | I24: =IFERROR(IF($D6="ERROR","SELECT INS PLAN",VLOOKUP($D6,'OUTPATIENT RATE TABLE'!$E$3:$I$471,4,FALSE)),"NOT CONTRACTED") -> NOT CONTRACTED | J24: =IFERROR(IF($D6="ERROR","SELECT INS PLAN",VLOOKUP($D6,'OUTPATIENT RATE TABLE'!$E$3:$I$471,5,FALSE)),"NOT CONTRACTED") -> NOT CONTRACTED | L24: =IFERROR(_xlfn.XLOOKUP($E$5,'PRIVATE PAY TABLE'!B:B,'PRIVATE PAY TABLE'!E:E),0) -> 210 | M24: =IFERROR(_xlfn.MINIFS('OUTPATIENT RATE TABLE'!$I$3:$I$471,'OUTPATIENT RATE TABLE'!$I$3:$I$471,"<>0",'OUTPATIENT RATE TABLE'!$C$3:$C$471,'SHOPPABLE SERVICES'!$F$5),"") -> 122.54 | N24: =_xlfn.MAXIFS('OUTPATIENT RATE TABLE'!$I$3:$I$471,'OUTPATIENT RATE TABLE'!$C$3:$C$471,'SHOPPABLE SERVICES'!$F$5) -> 330
E25: INDIVIDUAL PSYCHOTHERAPY | F25: 90832, 90834, 90837
E26: FAMILY PSYCHOTHERAPY | F26: 90847
E27: PHYSICIAN SERVICES | G27: Not provided by hospital (may be billed separately) | L27: Not provided by hospital (may be billed separately)
D31: INSTRUCTIONS | I31: DEFINITIONS
D33: 1. Select the Oceans hospital location using the dropdown box. | I33: Payor-specific negotiated charge
I34: These are charges that the hospital has negotiated with third-party payors (insurance companies) for an item or service. This would be the gross charges minus the negotiated discounts. For example, the total gross charges for staying in a hospital for one day is $1600, but the reimbursement from your insurance company will be $800. $800 represents the"payor-specific negotiated charge."
D35: 2. Select your insurance plan using the dropdown box.
D37: QUESTIONS
D39: I do not see my insurance plan as an option
D40: If you do not see your specific insurance plan listed, it dosent necessarily mean Oceans is not contracted. For example your specific plan may fall under an "umbrella" of an insurance company that Oceans is contracted with but is not specifically listed as an option. I.e. you have plan XXX that falls under "Optum." The selections will have Optum, but may not have "plan XXX." Please contact the Oceans Hospital your are interested in or your insuance company directly for any questions you may have about coverage. | I40: Discounted cash price
I41: This is the standard charge offered to patients that are self-pay (i.e. they do not have a third party health insurance provider). The discounted cash price reflects the discount rate by the hospital. For example, an individual admitted to the hospital for one day would have gross charges of $1600. A discounted cash price of $800 would be the amount the individual would be required to pay for services provided.
I46: De-identified minimum negotiated charge
D47: The results say "NOT CONTRACTED" - What does this mean? | I47: This is the lowest payor-specific charge that a hospital has negotiated with ALL third-party payors (insurance companies) for an item or service.
D48: If you see "NOT CONTRACTED" in the results, it may mean Oceans does not have a contract with your insurance provider. In these cases, contact the Oceans Hospital you are interested in or your insurance company directly for any questions and to double check coverage. In many instances, Oceans can work out "single case agreements" or "gap exceptions" with non-contracted insurance providers that would work as though Oceans was a contracted provider.
I50: De-identified maximum negotiated charge
I51: This is the highest payor-specific charge that a hospital has negotiated with ALL third-party payors (insurance companies) for an item or service.

Sheet LOGOS
B6: 100 | C6: BROUSSARD
B7: 120 | C7: MIDLAND
B8: 130 | C8: ABILENE
B9: 140 | C9: LONGVIEW
B10: 150 | C10: LUFKIN
B11: 180 | C11: KATY
B12: 200 | C12: BATON ROUGE
B13: 250 | C13: BILOXI
B14: 300 | C14: DERIDDER
B15: 350 | C15: PASADENA
B16: 400 | C16: LAKE CHARLES
B17: 450 | C17: WACO
... B21: 800 | C21: GNO

Sheet MS MEDICAID APR DRGS
B1: FY 2021
B3: APR-DRG | C3: Severity | D3: Base DRG (Without Severity) | E3: APR-DRG Description | F3: Relative Weight | G3: Pediatric Policy Adjustor | H3: Adult Policy Adjustor | I3: Payment Rel. Wt. Pediatric | J3: Payment Rel. Wt. Adult | K3: DRG Base Payment Pediatric | L3: DRG Base Payment Adult | M3: National Average LOS | N3: Medicaid Care Category Pediatric | O3: Medicaid Care Category Adult | P3: Trnsplnt Indicator | Q3: Outlier Elig | R3: Stays
B4: 750-1 | C4: 1 | D4: 750 | E4: Schizophrenia | F4: 0.51964 | G4: 1.95 | H4: 1.5 | I4: 1.0133 | J4: 0.77946 | K4: 6677.65 | L4: 5136.64 | M4: 9.18 | N4: Pediatric Mental Health | O4: Adult Mental Health | Q4: D | R4: 428
B5: 750-2 | C5: 2 | D5: 750 | E5: Schizophrenia | F5: 0.63631 | G5: 1.95 | H5: 1.5 | I5: 1.2408 | J5: 0.95447 | K5: 8176.87 | L5: 6289.96 | M5: 10.76 | N5: Pediatric Mental Health | O5: Adult Mental Health | Q5: D | R5: 1313
B6: 750-3 | C6: 3 | D6: 750 | E6: Schizophrenia | F6: 0.89582 | G6: 1.95 | H6: 1.5 | I6: 1.74685 | J6: 1.34373 | K6: 11511.74 | L6: 8855.18 | M6: 14.34 | N6: Pediatric Mental Health | O6: Adult Mental Health | Q6: D | R6: 67
B7: 750-4 | C7: 4 | D7: 750 | E7: Schizophrenia | F7: 1.98109 | G7: 1.95 | H7: 1.5 | I7: 3.86313 | J7: 2.97164 | K7: 25458.03 | L7: 19583.11 | M7: 43.88 | N7: Pediatric Mental Health | O7: Adult Mental Health | Q7: D | R7: 3
B8: 751-1 | C8: 1 | D8: 751 | E8: Maj Depression | F8: 0.35642 | G8: 1.95 | H8: 1.5 | I8: 0.69502 | J8: 0.53463 | K8: 4580.18 | L8: 3523.21 | M8: 5.16 | N8: Pediatric Mental Health | O8: Adult Mental Health | Q8: D | R8: 866
B9: 751-2 | C9: 2 | D9: 751 | E9: Maj Depression | F9: 0.47985 | G9: 1.95 | H9: 1.5 | I9: 0.93571 | J9: 0.71978 | K9: 6166.33 | L9: 4743.35 | M9: 6.93 | N9: Pediatric Mental Health | O9: Adult Mental Health | Q9: D | R9: 1460
B10: 751-3 | C10: 3 | D10: 751 | E10: Maj Depression | F10: 0.81638 | G10: 1.95 | H10: 1.5 | I10: 1.59194 | J10: 1.22457 | K10: 10490.88 | L10: 8069.92 | M10: 11.03 | N10: Pediatric Mental Health | O10: Adult Mental Health | Q10: D | R10: 77
B11: 751-4 | C11: 4 | D11: 751 | E11: Maj Depression | F11: 1.66442 | G11: 1.95 | H11: 1.5 | I11: 3.24562 | J11: 2.49663 | K11: 21388.64 | L11: 16452.79 | M11: 32.05 | N11: Pediatric Mental Health | O11: Adult Mental Health | Q11: D | R11: 7
B12: 752-1 | C12: 1 | D12: 752 | E12: Dis of Personality | F12: 0.31801 | G12: 1.95 | H12: 1.5 | I12: 0.62012 | J12: 0.47702 | K12: 4086.59 | L12: 3143.56 | M12: 4.75 | N12: Pediatric Mental Health | O12: Adult Mental Health | Q12: D | R12: 1
B13: 752-2 | C13: 2 | D13: 752 | E13: Dis of Personality | F13: 0.42091 | G13: 1.95 | H13: 1.5 | I13: 0.82077 | J13: 0.63137 | K13: 5408.87 | L13: 4160.73 | M13: 5.2 | N13: Pediatric Mental Health | O13: Adult Mental Health | Q13: D | R13: 26
B14: 752-3 | C14: 3 | D14: 752 | E14: Dis of Personality | F14: 0.72059 | G14: 1.95 | H14: 1.5 | I14: 1.40515 | J14: 1.08089 | K14: 9259.94 | L14: 7123.07 | M14: 10.18 | N14: Pediatric Mental Health | O14: Adult Mental Health | Q14: D | R14: 2
B15: 752-4 | C15: 4 | D15: 752 | E15: Dis of Personality | F15: 1.18771 | G15: 1.95 | H15: 1.5 | I15: 2.31603 | J15: 1.78157 | K15: 15262.64 | L15: 11740.55 | M15: 20.5 | N15: Pediatric Mental Health | O15: Adult Mental Health | Q15: D | R15: 0
... B39: 758-4 | C39: 4 | D39: 758 | E39: Behavioral Disorders | F39: 0.96009 | G39: 1.95 | H39: 1.5 | I39: 1.87218 | J39: 1.44014 | K39: 12337.67 | L39: 9490.52 | M39: 11.15 | N39: Pediatric Mental Health | O39: Adult Mental Health | Q39: D | R39: 0
L42: =SUBTOTAL(1,L4:L37) -> 4420.44 | M42: =SUBTOTAL(1,M4:M37) -> 6.6333333
L44: =L42/M42 -> 666.39799

Sheet INPATIENT RATE TABLE
B2: LOC# | C2: LOC NAME | D2: PAYER | E2: LOOK UP | F2: FC | G2: CONTRACT NOTE | H2: REIMBURSEMENT TYPE | I2: RATE
B3: 120 | C3: MIDLAND | D3: Medicare Part A Novitas - Texas | E3: MIDLANDMedicare Part A Novitas - Texas | G3: 100% MEDICARE | H3: PER DAY | I3: 942.00424
B4: 130 | C4: ABILENE | D4: Medicare Part A Novitas - Texas | E4: ABILENEMedicare Part A Novitas - Texas | G4: 100% MEDICARE | H4: PER DAY | I4: 958.01514
B5: 140 | C5: LONGVIEW | D5: Medicare Part A Novitas - Texas | E5: LONGVIEWMedicare Part A Novitas - Texas | G5: 100% MEDICARE | H5: PER DAY | I5: 983.38935
B6: 150 | C6: LUFKIN | D6: Medicare Part A Novitas - Texas | E6: LUFKINMedicare Part A Novitas - Texas | G6: 100% MEDICARE | H6: PER DAY | I6: 1051.0465
B7: 180 | C7: KATY | D7: Medicare Part A Novitas - Texas | E7: KATYMedicare Part A Novitas - Texas | G7: 100% MEDICARE | H7: PER DAY | I7: 1021.0478
B8: 350 | C8: PASADENA | D8: Medicare Part A Novitas - Texas | E8: PASADENAMedicare Part A Novitas - Texas | G8: 100% MEDICARE | H8: PER DAY | I8: 1085.3453
B9: 450 | C9: WACO | D9: Medicare Part A Novitas - Texas | E9: WACOMedicare Part A Novitas - Texas | G9: 100% MEDICARE | H9: PER DAY | I9: 990.28142
B10: 550 | C10: AMARILLO | D10: Medicare Part A Novitas - Texas | E10: AMARILLOMedicare Part A Novitas - Texas | G10: 100% MEDICARE | H10: PER DAY | I10: 919.84501
B11: 750 | C11: CORPUS | D11: Medicare Part A Novitas - Texas | E11: CORPUSMedicare Part A Novitas - Texas | G11: 100% MEDICARE | H11: PER DAY | I11: 943.59034
B12: 850 | C12: LUBBOCK | D12: Medicare Part A Novitas - Texas | E12: LUBBOCKMedicare Part A Novitas - Texas | G12: 100% MEDICARE | H12: PER DAY | I12: 911.26932
B13: 100 | C13: LAFAYETTE | D13: Medicare Part A Novitas - Louisiana | E13: LAFAYETTEMedicare Part A Novitas - Louisiana | G13: 100% MEDICARE | H13: PER DAY | I13: 922.47451
B14: 200 | C14: BATON ROUGE | D14: Medicare Part A Novitas - Louisiana | E14: BATON ROUGEMedicare Part A Novitas - Louisiana | G14: 100% MEDICARE | H14: PER DAY | I14: 824.98048
... B884: 760 | C884: PHILADELPHIA | D884: VA CCN Optum | E884: PHILADELPHIAVA CCN Optum | G884: 100% MEDICARE | H884: PER DAY | I884: 1021.6062

Sheet INSURANCE PLAN LIST
E1: Aetna (Commercial)
E2: Aetna (Medicare Advantage)
E3: Aetna Better Health (Ohio Med Advantage)
E4: Aetna Better Health (Oklahoma MG Caid)
E5: Aetna Better Hlth (La Managed Medicaid)
E6: AHCCCS Amer Indian (AZ Mg Medicaid)
E7: AHCCCS Claims (AZ Medicaid)
E8: AHCCCS MercyCare LTC (AZ Mg Medicaid)
E9: AHCCCS MercyCare SMI (AZ Mg Medicaid)
E10: AHCCCS Optum (AZ Managed Medicaid)
E11: AHCCCS Optum Administrator Cost (AZ MG)
E12: AHCCCS Optum LTC (AZ Managed Medicaid)
... E261: West Texas Centers Mhmr

Sheet TRICARE
B3: LOC | C3: Facility | D3: Geographic Location | E3: Wage Index | F3: Base Rate | G3: Labor related | H3: Non-Labor Related | I3: Adj Rate | J3: 90% OF ALLOW
B4: 100 | C4: LAFAYETTE | D4: 29180 | E4: 0.7584 | F4: 901 | G4: 423.65741 | H4: 342.38 | I4: 766.03741 | J4: 689.43367
B5: 120 | C5: MIDLAND | D5: 33260 | E5: 0.8995 | F5: 901 | G5: 502.47869 | H5: 342.38 | I5: 844.85869 | J5: 760.37282
B6: 130 | C6: ABILENE | D6: 10180 | E6: 0.8371 | F6: 901 | G6: 467.6208 | H6: 342.38 | I6: 1255 | J6: 1129.5
B7: 140 | C7: LONGVIEW | D7: 30980 | E7: 0.8135 | F7: 901 | G7: 454.43737 | H7: 342.38 | I7: 796.81737 | J7: 717.13563
B8: 150 | C8: LUFKIN | D8: 45 | E8: 0.8135 | F8: 901 | G8: 454.43737 | H8: 342.38 | I8: 796.81737 | J8: 717.13563
B9: 200 | C9: BATON ROUGE | D9: 12940 | E9: 0.7997 | F9: 901 | G9: 446.72841 | H9: 342.38 | I9: 789.10841 | J9: 710.19757
B10: 300 | C10: DERIDDER | D10: 19 | E10: 0.7044 | F10: 901 | G10: 393.49193 | H10: 342.38 | I10: 735.87193 | J10: 662.28474
B11: 400 | C11: LAKE CHARLES | D11: 29340 | E11: 0.7613 | F11: 901 | G11: 425.27741 | H11: 342.38 | I11: 767.65741 | J11: 690.89167
B12: 410 | C12: LC-GERI | D12: 29340 | E12: 0.7613 | F12: 901 | G12: 425.27741 | H12: 342.38 | I12: 767.65741 | J12: 690.89167
B13: 500 | C13: KENTWOOD | D13: 25220 | E13: 0.8215 | F13: 901 | G13: 458.90633 | H13: 342.38 | I13: 801.28633 | J13: 721.1577
B14: 600 | C14: OPELOUSAS | D14: 19 | E14: 0.7044 | F14: 901 | G14: 393.49193 | H14: 342.38 | I14: 735.87193 | J14: 662.28474
B15: 610 | C15: CROWLEY | D15: 19 | E15: 0.7044 | F15: 901 | G15: 393.49193 | H15: 342.38 | I15: 735.87193 | J15: 662.28474
... B23: 650 | C23: SHREVEPORT | D23: 43340 | E23: 0.8329 | F23: 901 | G23: 465.2746 | H23: 342.38 | I23: 807.6546 | J23: 726.88914
B25: 2021 RATES - NOT UPDATED FOR 2022 YET

Sheet IP-MEDICARE BASE RATES
A1: 2022 BASE RATES
A2: LOC | B2: Facility | C2: Provider Number | D2: Geographic Location | E2: 2022 | F2: Rural Adjustment Factor | G2: Cost to Charge Ratio | H2: FIXED LOSS | I2: ADJ FIXED LOSS | J2: FEDERAL BASE | K2: LABOR RELATED % | L2: NON-LABOR % | M2: LABOR PORTION | N2: NON LABOR PORTION | O2: ADJ BASE RATE
A3: 100 | B3: LAFAYETTE | C3: 19-4073 | D3: 29180 | E3: 0.7741 | F3: 1 | G3: 0.3 | H3: 16040 | I3: 13242.707 | J3: 832.94 | K3: 0.772 | L3: 0.228 | M3: 497.76928 | N3: 189.91032 | O3: 687.68
A4: 120 | B4: MIDLAND | C4: 45-4110 | D4: 33260 | E4: 0.8366 | F4: 1 | G4: 0.3 | H4: 16040 | I4: 14016.637 | J4: 832.94 | K4: 0.772 | L4: 0.228 | M4: 537.95863 | N4: 189.91032 | O4: 727.87
A5: 130 | B5: ABILENE | C5: 45-4122 | D5: 10180 | E5: 0.8141 | F5: 1 | G5: 0.3 | H5: 16040 | I5: 13738.023 | J5: 832.94 | K5: 0.772 | L5: 0.228 | M5: 523.49046 | N5: 189.91032 | O5: 713.4
A6: 140 | B6: LONGVIEW | C6: 45-4117 | D6: 30980 | E6: 0.8618 | F6: 1 | G6: 0.3 | H6: 16040 | I6: 14328.686 | J6: 832.94 | K6: 0.772 | L6: 0.228 | M6: 554.16298 | N6: 189.91032 | O6: 744.07
A7: 150 | B7: LUFKIN | C7: 45-4123 | D7: 45 | E7: 0.8188 | F7: 1.17 | G7: 0.3 | H7: 16040 | I7: 13796.222 | J7: 832.94 | K7: 0.772 | L7: 0.228 | M7: 526.5127 | N7: 189.91032 | O7: 716.42
A8: 200 | B8: BATON ROUGE | C8: 19-4086 | D8: 12940 | E8: 0.7917 | F8: 1 | G8: 0.3 | H8: 16040 | I8: 13460.646 | J8: 832.94 | K8: 0.772 | L8: 0.228 | M8: 509.0866 | N8: 189.91032 | O8: 699
A9: 250 | B9: BILOXI | D9: 25060 | E9: 0.7423 | F9: 1 | G9: 0.3 | H9: 16040 | I9: 12848.932 | J9: 832.94 | K9: 0.772 | L9: 0.228 | M9: 477.32093 | N9: 189.91032 | O9: 667.23
A10: 300 | B10: DERIDDER | C10: 19-4081 | D10: 19 | E10: 0.695 | F10: 1.17 | G10: 0.3 | H10: 16040 | I10: 12263.222 | J10: 832.94 | K10: 0.772 | L10: 0.228 | M10: 446.90563 | N10: 189.91032 | O10: 636.82
A11: 350 | B11: PASADENA | D11: 26420 | E11: 0.9925 | F11: 1 | G11: 0.3 | H11: 16040 | I11: 15947.128 | J11: 832.94 | K11: 0.772 | L11: 0.228 | M11: 638.20696 | N11: 189.91032 | O11: 828.12
A12: 400 | B12: LAKE CHARLES | C12: 19-4090 | D12: 29340 | E12: 0.7743 | F12: 1 | G12: 0.3 | H12: 16040 | I12: 13245.184 | J12: 832.94 | K12: 0.772 | L12: 0.228 | M12: 497.89788 | N12: 189.91032 | O12: 687.81
A13: 500 | B13: KENTWOOD | C13: 19-4091 | D13: 25220 | E13: 0.8025 | F13: 1 | G13: 0.3 | H13: 16040 | I13: 13594.381 | J13: 832.94 | K13: 0.772 | L13: 0.228 | M13: 516.03132 | N13: 189.91032 | O13: 705.94
A14: 600 | B14: OPELOUSAS | C14: 19-4095 | D14: 19 | E14: 0.695 | F14: 1.17 | G14: 0.3 | H14: 16040 | I14: 12263.222 | J14: 832.94 | K14: 0.772 | L14: 0.228 | M14: 446.90563 | N14: 189.91032 | O14: 636.82
A15: 610 | B15: CROWLEY | C15: 19-4095 | D15: 19 | E15: 0.695 | F15: 1.17 | G15: 0.3 | H15: 16040 | I15: 12263.222 | J15: 832.94 | K15: 0.772 | L15: 0.228 | M15: 446.90563 | N15: 189.91032 | O15: 636.82
A16: 700 | B16: ALEXANDRIA | C16: 19-4096 | D16: 10780 | E16: 0.8661 | F16: 1 | G16: 0.3 | H16: 16040 | I16: 14381.932 | J16: 832.94 | K16: 0.772 | L16: 0.228 | M16: 556.92801 | N16: 189.91032 | O16: 746.84
A17: 800 | B17: GNO | C17: 19-4098 | D17: 35380 | E17: 0.83 | F17: 1 | G17: 0.3 | H17: 16040 | I17: 13934.91 | J17: 832.94 | K17: 0.772 | L17: 0.228 | M17: 533.71463 | N17: 189.91032 | O17: 723.62
A18: 450 | B18: WACO | D18: 47380 | E18: 0.9153 | F18: 1 | G18: 0.3 | H18: 16040 | I18: 14991.17 | J18: 832.94 | K18: 0.772 | L18: 0.228 | M18: 588.56507 | N18: 189.91032 | O18: 778.48
A19: 180 | B19: KATY | C19: 45-4136 | D19: 26420 | E19: 0.9925 | F19: 1 | G19: 0.3 | H19: 16040 | I19: 15947.128 | J19: 832.94 | K19: 0.772 | L19: 0.228 | M19: 638.20696 | N19: 189.91032 | O19: 828.12
A20: 550 | B20: AMARILLO | D20: 11100 | E20: 0.8067 | F20: 1 | G20: 0.3 | H20: 16040 | I20: 13646.389 | J20: 832.94 | K20: 0.772 | L20: 0.228 | M20: 518.73204 | N20: 189.91032 | O20: 708.64
A21: 650 | B21: SHREVEPORT | D21: 43340 | E21: 0.8093 | F21: 1 | G21: 0.3 | H21: 16040 | I21: 13678.585 | J21: 832.94 | K21: 0.772 | L21: 0.228 | M21: 520.40392 | N21: 189.91032 | O21: 710.31

Sheet OUTPATIENT RATE TABLE
B2: LOC# | C2: LOC NAME | D2: PAYER | E2: LOOK UP | F2: FC | G2: CONTRACT NOTE | H2: REIMBURSEMENT TYPE | I2: RATE
B3: 100 | C3: LAFAYETTE | D3: Medicare Part B - Louisiana | E3: LAFAYETTEMedicare Part B - LouisianaIOP5861 | G3: 100% MEDICARE, APC 5861 3 SERVICES | H3: PER DAY | I3: 241.01
B4: 300 | C4: DERIDDER | D4: Medicare Part B - Louisiana | E4: DERIDDERMedicare Part B - LouisianaIOP5861 | G4: 100% MEDICARE, APC 5861 3 SERVICES | H4: PER DAY | I4: 240.76
B5: 410 | C5: LAKE CHARLES | D5: Medicare Part B - Louisiana | E5: LAKE CHARLESMedicare Part B - LouisianaIOP5861 | G5: 100% MEDICARE, APC 5861 3 SERVICES | H5: PER DAY | I5: 240.76
B6: 500 | C6: KENTWOOD | D6: Medicare Part B - Louisiana | E6: KENTWOODMedicare Part B - LouisianaIOP5861 | G6: 100% MEDICARE, APC 5861 3 SERVICES | H6: PER DAY | I6: 244.19
B7: 600 | C7: OPELOUSAS | D7: Medicare Part B - Louisiana | E7: OPELOUSASMedicare Part B - LouisianaIOP5861 | G7: 100% MEDICARE, APC 5861 3 SERVICES | H7: PER DAY | I7: 240.76
B8: 650 | C8: SHREVEPORT | D8: Medicare Part B - Louisiana | E8: SHREVEPORTMedicare Part B - LouisianaIOP5861 | G8: 100% MEDICARE, APC 5861 3 SERVICES | H8: PER DAY | I8: 250.37
B9: 700 | C9: ALEXANDRIA | D9: Medicare Part B - Louisiana | E9: ALEXANDRIAMedicare Part B - LouisianaIOP5861 | G9: 100% MEDICARE, APC 5861 3 SERVICES | H9: PER DAY | I9: 251.96
B10: 800 | C10: GNO | D10: Medicare Part B - Louisiana | E10: GNOMedicare Part B - LouisianaIOP5861 | G10: 100% MEDICARE, APC 5861 3 SERVICES | H10: PER DAY | I10: 243.21
B11: 800 | C11: GNO | D11: Medicare Part B - Louisiana | E11: GNOMedicare Part B - LouisianaIOP5861 | G11: 100% MEDICARE, APC 5861 3 SERVICES | H11: PER DAY | I11: 243.21
B12: 200 | C12: BATON ROUGE | D12: Medicare Part B - Louisiana | E12: BATON ROUGEMedicare Part B - LouisianaIOP5862 | G12: 100% MEDICARE, APC 5862 4 SERVICES | H12: PER DAY | I12: 375.65
B13: 100 | C13: LAFAYETTE | D13: Medicare Part B - Louisiana | E13: LAFAYETTEMedicare Part B - LouisianaIOP5862 | G13: 100% MEDICARE, APC 5862 4 SERVICES | H13: PER DAY | I13: 371.73
B14: 300 | C14: DERIDDER | D14: Medicare Part B - Louisiana | E14: DERIDDERMedicare Part B - LouisianaIOP5862 | G14: 100% MEDICARE, APC 5862 4 SERVICES | H14: PER DAY | I14: 371.34
... B1018: 770 | C1018: WEST CHESTER | D1018: UPMC Health Plan (Commercial) | E1018: WEST CHESTERUPMC Health Plan (Commercial) | G1018: CONTRACT RATE | H1018: PER DAY | I1018: 306

Sheet PRIVATE PAY TABLE
C2: HOSPITAL | D2: IP RATE | E2: OP RATE
B3: 100 | C3: LAFAYETTE | D3: 800 | E3: 210
B4: 120 | C4: MIDLAND | D4: 800 | E4: 210
B5: 130 | C5: ABILENE | D5: 800 | E5: 210
B6: 140 | C6: LONGVIEW | D6: 800 | E6: 210
B7: 150 | C7: LUFKIN | D7: 800 | E7: 210
B8: 180 | C8: KATY | D8: 800 | E8: 210
B9: 200 | C9: BATON ROUGE | D9: 800 | E9: 210
B10: 210 | C10: BATON ROUGE NORTH | D10: 800 | E10: 210
B11: 250 | C11: BILOXI | D11: 800 | E11: 210
B12: 300 | C12: DERIDDER | D12: 800 | E12: 210
B13: 350 | C13: PASADENA | D13: 800 | E13: 210
B14: 400 | C14: LAKE CHARLES | D14: 800 | E14: 210
... B36: 770 | C36: WEST CHESTER | D36: 800 | E36: 210

Sheet MEDICARE IOP RATES
B2: FY 2022 APC 8010
B4: 100 | C4: 230.79553
B5: 120 | C5: 236.30724
B6: 130 | C6: 235.33366
B7: 140 | C7: 237.50066
B8: 150 | C8: 247.34636
B9: 200 | C9: 233.10385
B10: 250 | C10: 229.30376
B11: 300 | C11: 227.84339
B12: 400 | C12: 231.37654
B13: 500 | C13: 235.80475
B14: 600 | C14: 225.95905
B15: 650 | C15: 233.98321
... B21: 450 | C21: 253.17212

Sheet LOCATION LOOKUP TABLE
B3: LOCATION NAME | C3: HCS LOC# | D3: CITY
B4: Oceans Behavioral Hospital of Lafayette | C4: 100 | D4: LAFAYETTE
B5: Oceans Behavioral Hosptial of Baton Rouge | C5: 200 | D5: BATON ROUGE
B6: Oceans Behavioral Hospital of Deridder | C6: 300 | D6: DERIDDER
B7: Oceans Behavioral Hosptial of Lake Charles | C7: 400 | D7: LAKE CHARLES
B8: Oceans Behavioral Hospital of Kentwood/Hammond | C8: 500 | D8: KENTWOOD
B9: Oceans Behavioral Hospital of Opelousas | C9: 600 | D9: OPELOUSAS
B10: Oceans Behavioral Hospital of Alexandria | C10: 700 | D10: ALEXANDRIA
B11: Oceans Behavioral Hospital of Gno | C11: 800 | D11: GNO
B12: Oceans Behavioral Hospital of Midland | C12: 120 | D12: MIDLAND
B13: Oceans Behavioral Hospital of Abilene | C13: 130 | D13: ABILENE
B14: Oceans Behavioral Hospital of Longview | C14: 140 | D14: LONGVIEW
... B33: Haven Behavioral Hospital of West Chester | C33: 770 | D33: WEST CHESTER
